 Dungeon Crawl Stone Soup version 0.31-a0-889-g1a8549509d (webtiles) character file.

Game seed: 15366845987610285296

4804 Ge0ff the Slicer (level 10, 0/63 HPs)
             Began as an Octopode Brigand on Oct 16, 2023.
             Was a High Priest of Okawaru.
             Slain by Gastronok (31 damage)
             ... on level 9 of the Dungeon on Oct 17, 2023.
             The game lasted 00:16:43 (8196 turns).

Ge0ff the Slicer (Octopode Brigand)                 Turns: 8196, Time: 00:16:43

Health: 0/63       AC:  1    Str: 10    XL:     10   Next: 48%
Magic:  8/14       EV: 22    Int: 15    God:    Okawaru [*****.]
Gold:   520        SH:  0    Dex: 17    Spells: 11/15 levels left

rFire   . . .        a - +3 dagger (elec)
rCold   . . .        (no shield)
rNeg    . . .        (helmet restricted)
rPois   .            Y - amulet of faith
rElec   .            L - ring of see invisible
rCorr   .            U - +5 ring of evasion
SInv    +            y - ring of wizardry
Will    .....        (no ring)
Stlth   +++++        (no ring)
HPRegen 0.30/turn    (no ring)
MPRegen 0.14/turn    (no ring)
                     (no ring)

%: faith, wizardry (x1)
@: silenced, heroic, finesse-ful
A: almost no armour, amphibious, 8 rings, camouflage 1, gelatinous body 1,
(nimble swimmer 1), tentacles
a: Renounce Religion


You were on level 9 of the Dungeon.
You worshipped Okawaru.
Okawaru was extremely pleased with you.
You visited 1 branch of the dungeon, and saw 9 of its levels.

You collected 520 gold pieces.

Inventory:

Hand Weapons
 a - a +3 dagger of electrocution (weapon)
 t - a +0 rapier
 w - a +3 dagger of freezing
 x - a +0 double sword
 A - a +1 dagger of draining
 H - a +1 dagger of pain
Missiles
 b - 26 poisoned darts
 v - 7 curare-tipped darts {=F}
 D - 9 stones (quivered)
 G - 6 datura-tipped darts {=F}
 V - 2 boomerangs
Magical Staves
 r - a staff of fire
 R - a staff of death
Jewellery
 y - a ring of wizardry (on tentacle)
 L - a ring of see invisible (left tentacle)
 O - an amulet of the acrobat
 U - a +5 ring of evasion (right tentacle)
 Y - an amulet of faith (around mantle)
Talismans
 I - a beast talisman
Wands
 f - a wand of flame (17)
 j - a wand of quicksilver (1)
Scrolls
 u - a scroll of enchant armour
 z - a scroll of torment {unknown}
 B - 2 scrolls of blinking
 C - a scroll of brand weapon
 E - 2 scrolls of fear
 F - 3 scrolls of fog
 T - a scroll of identify {unknown}
 W - 3 scrolls of summoning {unknown}
 X - 3 scrolls of teleportation {unknown}
 Z - 2 scrolls of noise {unknown}
Potions
 q - 3 potions of curing
 s - a potion of might {unknown}
 K - 3 potions of degeneration {unknown}
 M - 2 potions of mutation {unknown}
 P - a potion of ambrosia {unknown}
 Q - a potion of magic {unknown}
 S - 4 potions of heal wounds {unknown}


   Skills:
 - Level 3.4(8.4) Fighting
 - Level 10.0(15.0) Short Blades
 - Level 2.0(7.0) Throwing
 - Level 3.0(8.0) Dodging
 - Level 6.6(11.6) Stealth
 - Level 3.0 Spellcasting
 + Level 5.1 Conjurations
 - Level 3.0 Hexes
 - Level 3.1 Summonings
 + Level 5.1 Translocations
 - Level 2.7 Invocations
 - Level 3.0 Evocations


You had 11 spell levels left.
You knew the following spells:

 Your Spells              Type           Power      Damage    Failure   Level
d - Iskenderun's Mystic   Conj/Tloc      17%        2d5       10%         4

Your spell library contained the following spells:

 Spells                   Type           Power      Damage    Failure   Level
 Lesser Beckoning         Tloc           34%        N/A       1%          2
 Gell's Gravitas          Tloc           17%        N/A       3%          3
 Teleport Other           Tloc           17%        N/A       3%          3
 Sublimation of Blood     Necr           2%         N/A       12%         2
 Wereblood                Tmut           2%         N/A       12%         2
 Inner Flame              Hex/Fire       6%         N/A       13%         3
 Dimensional Bullseye     Hex/Tloc       7%         N/A       16%         4
 Flame Wave               Conj/Fire      9%         2d6       26%         4
 Sticky Flame             Conj/Fire      9%         2d3       26%         4
 Summon Small Mammal      Summ           Unusable   N/A       N/A         1
 Call Canine Familiar     Summ           Unusable   N/A       N/A         3
 Summon Guardian Golem    Hex/Summ       Unusable   N/A       N/A         3
 Tukima's Dance           Hex            Unusable   N/A       N/A         3
 Summon Hydra             Summ           Unusable   N/A       N/A         7

Dungeon Overview and Level Annotations

Branches:
Dungeon (9/15) Zot: 26748  Temple (0/1) D:6            Lair (0/5) D:9
    Orc: D:9-12

Altars:
Ashenzari
Dithmenos
Elyvilon
Gozag
Hepliaklqana
Okawaru
Qazlal
Sif Muna
Xom
Yredelemnul
Zin

Shops:
D:6 (

Annotations:
D:9 Gastronok


Innate Abilities, Weirdness & Mutations

You cannot wear most types of armour.
You are amphibious.
You can wear up to eight rings at the same time.
Your skin changes colour to match your surroundings (Stealth+).
Your rubbery body absorbs attacks. (AC +1, EV +1)
((You are camouflaged when in or above water. (Stealth+)))
You have tentacles for arms and can constrict up to eight enemies at once.


Message History

Use which ability? (? or * to list)
You can now deal lightning-fast blows.
Use which ability? (? or * to list)
You gain the combat prowess of a mighty hero.
Throw: 8 darts (curare) {=F}
Press: ? - help, Shift-Dir - straight line, f/p - Gastronok
Aim: Gastronok, wearing a +2 hat (covering ground quickly, 94% to hit)
You throw a curare-tipped dart {=F}.
The curare-tipped dart {=F} hits Gastronok.
Gastronok is poisoned.
Gastronok convulses.
Gastronok seems to slow down.
Gastronok is lightly wounded.
As you read the scroll of silence {!r}, it crumbles to dust.
A profound silence engulfs you. Gastronok bites you!!
You hit Gastronok. You tentacle-slap Gastronok.
Gastronok is lightly wounded.
You completely miss Gastronok.
You squeeze Gastronok, but do no damage.
Gastronok is lightly wounded.
You hit Gastronok. Lightning courses through Gastronok!
You squeeze Gastronok, but do no damage.
Gastronok is lightly wounded.
You hit Gastronok but do no damage. Lightning courses through Gastronok!
You squeeze Gastronok.
Gastronok is moderately wounded.
You hit Gastronok. Lightning courses through Gastronok!!
Gastronok is moderately wounded.
You hit Gastronok.
Gastronok is heavily wounded.
You hit Gastronok. Lightning courses through Gastronok!! You squeeze Gastronok.
Gastronok is heavily wounded.
You hit Gastronok.
Gastronok is severely wounded.
You hit Gastronok but do no damage. Lightning courses through Gastronok!
Gastronok is severely wounded.
Gastronok bites you!!
* * * LOW HITPOINT WARNING * * *
You hit Gastronok.
Gastronok is severely wounded.
You hit Gastronok but do no damage. You squeeze Gastronok!
Gastronok is severely wounded.
It was a potion of curing.
You feel better.
q - 4 potions of curing You feel better.
You hit Gastronok.
Gastronok is severely wounded.
Unknown command.
You hit Gastronok but do no damage.
Gastronok is severely wounded.
Gastronok bites you!!
You die...

* *,,,,,,,,* ##..........# * *
****,****,* ##...######### ** *
*,,,,,,,,,* #..........# *,
****,###############)####.# **
*,,,,#.#)#.#†#_#.##8)# #.# *
*,**,#)#'#'#'#'#'###)# #.#
,,,,,#............'.w# #.#
*,**,#)#'#'#'#)#w##### #.#
*,**,#.#.#.#†#.#@#* * #.#
*,**,#############*** #)#
*,*,,,,,,,,,,,,,,* #)#
*,*,,**,**,*,,,,,**** #.#
*,*,,*,,,*,*,,,,,,,,* #)#
*,,,,,,,,,,*,,,,,,,,****#)#******
***,,*,,,***,,,,,,,,,,,,...,,,,,,
*,,**,,* *,,,,,,,,****.)K******
*,,***,* *,**,,,,,****wz.***,,,


You could see Gastronok (swift, poisoned, slow).

Vanquished Creatures
  An ugly thing (D:8)
  Joseph (D:8)
  An unseen horror zombie (D:9)
  A kobold demonologist (D:9)
  A hornet (D:7)
  A steam dragon (D:8)
  3 orc warriors
  An ice beast (D:7)
  A hornet zombie (D:9)
  2 black bears (D:5)
  A sky beast (D:8)
  2 phantoms
  3 centaurs
  A kobold brigand (D:8)
  2 necrophages (D:9)
  2 scorpions
  11 wights
  3 killer bees (D:7)
  4 howler monkeys
  2 electric eels (D:6)
  2 centaur zombies (D:9)
  A human zombie (D:9)
  A gnoll bouda (D:8)
  2 orc priests
  4 hounds
  A sleepcap (D:7)
  3 iguanas
  6 orc wizards
  Robin (D:2)
  A howler monkey zombie (D:9)
  4 gnolls
  6 adders
  A white imp (D:7)
  A worm (D:3)
  27 orcs
  4 bats
  11 endoplasms
  2 giant cockroaches
  15 goblins
  13 hobgoblins
  3 jackals (D:1)
  7 quokkas
  5 ball pythons
  3 frilled lizards
  14 kobolds
  4 rats
186 creatures vanquished.

Vanquished Creatures (collateral kills)
  An ice beast (D:6)
  An orc wizard (D:6)
  An orc (D:6)
3 creatures vanquished.

Grand Total: 189 creatures vanquished

Notes
Turn   | Place    | Note
-------+----------+-------------------------------------------
     0 | D:1      | Ge0ff the Octopode Brigand began the quest for the Orb.
     0 | D:1      | Reached XP level 1. HP: 14/14 MP: 1/1
    86 | D:1      | Reached XP level 2. HP: 4/19 MP: 2/2
   255 | D:1      | Reached skill level 3 in Short Blades
   375 | D:1      | Reached XP level 3. HP: 24/24 MP: 3/3
  1077 | D:2      | Reached skill level 4 in Short Blades
  1169 | D:2      | Reached XP level 4. HP: 29/29 MP: 4/4
  1210 | D:2      | Noticed Robin
  1336 | D:2      | Killed Robin
  1509 | D:2      | Found a broken altar of Ashenzari.
  1650 | D:3      | Found a stormy altar of Qazlal.
  1652 | D:3      | Found a broken altar of Ashenzari.
  1731 | D:3      | Learned a level 3 spell: Summon Guardian Golem
  1763 | D:3      | Found a faded altar of an unknown god.
  2691 | D:4      | Noticed a scorpion
  2698 | D:4      | Killed a scorpion
  2699 | D:4      | Reached skill level 1 in Hexes
  2699 | D:4      | Reached skill level 1 in Summonings
  2699 | D:4      | Reached XP level 5. HP: 34/34 MP: 5/5
  2700 | D:4      | Found a shimmering altar of Xom.
  2701 | D:4      | Found a shimmering altar of Xom.
  2702 | D:4      | Found a shimmering altar of Xom.
  2702 | D:4      | Found a shimmering altar of Xom.
  2704 | D:4      | Found a shimmering altar of Xom.
  2704 | D:4      | Found a shimmering altar of Xom.
  2706 | D:4      | Found a shimmering altar of Xom.
  2862 | D:4      | Reached skill level 5 in Short Blades
  3009 | D:4      | Reached skill level 1 in Spellcasting
  3031 | D:4      | Found a white marble altar of Elyvilon.
  3075 | D:4      | Reached XP level 6. HP: 39/39 MP: 7/7
  3813 | D:5      | Entered Level 5 of the Dungeon
  3940 | D:5      | Found an iron altar of Okawaru.
  3948 | D:5      | Became a worshipper of Warmaster Okawaru
  3994 | D:5      | Noticed a black bear
  3996 | D:5      | Killed a black bear
  3997 | D:5      | Reached XP level 7. HP: 45/45 MP: 9/9
  4106 | D:5      | Found a shadowy altar of Dithmenos.
  4106 | D:5      | Noticed a shadow
  4108 | D:5      | Found a hazy altar of Hepliaklqana.
  4952 | D:6      | Found Urulim's Weapon Boutique.
  4972 | D:5      | Reached * piety under Okawaru
  4973 | D:5      | Reached skill level 6 in Short Blades
  5049 | D:6      | Reached ** piety under Okawaru
  5050 | D:6      | Reached skill level 7 in Short Blades
  5151 | D:6      | Reached XP level 8. HP: 27/50 MP: 10/10
  5262 | D:6      | Found a staircase to the Ecumenical Temple.
  5270 | D:6      | Found a glowing silver altar of Zin.
  5564 | D:6      | Reached skill level 8 in Short Blades
  5587 | D:6      | Found a transporter.
  5609 | D:6      | Found a transporter.
  5843 | D:6      | Found an opulent altar of Gozag.
  5939 | D:7      | Reached *** piety under Okawaru
  5940 | D:7      | Reached skill level 1 in Evocations
  6034 | D:7      | Noticed a hornet
  6085 | D:7      | Killed a hornet
  6086 | D:7      | Reached skill level 9 in Short Blades
  6209 | D:7      | Reached XP level 9. HP: 35/54 MP: 11/11
  6413 | D:7      | Reached **** piety under Okawaru
  6503 | D:7      | Reached skill level 10 in Short Blades
  6585 | D:7      | Found a shimmering blue altar of Sif Muna.
  6663 | D:7      | Learned a level 4 spell: Iskenderun's Mystic Blast
  6817 | D:8      | Reached skill level 1 in Invocations
  7133 | D:8      | Reached skill level 1 in Translocations
  7138 | D:8      | Reached skill level 1 in Conjurations
  7365 | D:8      | Noticed Joseph
  7367 | D:8      | Killed Joseph
  7367 | D:8      | Reached ***** piety under Okawaru
  7835 | D:8      | Noticed a brown ugly thing
  7839 | D:8      | Killed a brown ugly thing
  7839 | D:8      | Received a gift from Okawaru
  7911 | D:9      | Reached XP level 10. HP: 42/63 MP: 14/14
  7913 | D:9      | Found the +4 skin of Zhor {*Englaciate rC+++ SInv}
  8053 | D:9      | Noticed a kobold demonologist
  8073 | D:9      | Noticed an orange demon
  8076 | D:9      | Noticed Gastronok
  8079 | D:9      | Killed a kobold demonologist
  8149 | D:9      | Found a basalt altar of Yredelemnul.
  8166 | D:9      | Reached skill level 5 in Conjurations
  8166 | D:9      | Reached skill level 5 in Translocations
  8196 | D:9      | Slain by Gastronok

Illustrated notes

Levels and vault maps discovered:
D:1:      sevenhm_arrival_forest_fort_small_5, layout_basic, moated_statue,
          patterned_corridor
D:2:      layout_rooms, basic_altar, uniq_robin
D:3:      layout_basic, lemuel_tele_altar, nicolae_ashenzari_panopticon,
          hellmonk_ecumenical_altar_crossroads
D:4:      layout_layer_cave, nicolae_xom_altar_mimics,
          nicolae_elyvilon_temple_path
D:5:      layout_loops_ring, riverfiend_overflow_shadow_ancestor,
          mainiacjoe_overflow_surrounded_room
D:6:      gammafunk_steamed_eel, layout_rooms, mainiacjoe_overflow_24_doors,
          kennysheep_mini, minmay_temple_entry_statues_fountains, serial_shops,
          shop, nicolae_letterblocks [nicolae_letter_subblock,
          nicolae_letter_subblock, nicolae_letter_subblock,
          nicolae_letter_subblock, nicolae_letter_subblock,
          nicolae_letter_subblock, nicolae_letter_subblock,
          nicolae_letter_subblock, nicolae_letter_subblock,
          nicolae_letter_subblock, nicolae_letter_subblock,
          nicolae_letter_subblock, nicolae_letter_subblock,
          nicolae_letter_subblock, nicolae_letter_subblock,
          nicolae_letter_subblock, nicolae_letter_subblock,
          nicolae_letter_subblock, nicolae_letter_subblock,
          nicolae_letter_subblock, nicolae_letter_subblock,
          nicolae_letter_subblock, nicolae_letter_subblock,
          nicolae_letter_subblock, nicolae_letter_subblock]
D:7:      layout_loops_ring, mainiacjoe_overflow_alcove_4
D:8:      layout_loops_ring, st_stairs_7, minmay_microvault, uniq_joseph
D:9:      layout_loops_ring, nicolae_uskayaw_dance_studio,
          nicolae_overflow_hidden_temple, lemuel_mausoleum_altar_yredelemnul,
          grunt_lair_entry_orc_guard_hut, enter_bailey_5,
          hellmonk_guarded_unrand_zhor, uniq_gastronok

Skill      XL: |  1  2  3  4  5  6  7  8  9 10 |
---------------+-------------------------------+-----
Short Blades   | 3 4 5 7 9 10 | 10.0
Hexes          | 1 3 |  3.0
Summonings     | 1 3 |  3.1
Spellcasting   | 1 3 |  3.0
Evocations     | 3 |  3.0
Invocations    | 2 |  2.7
Translocations | 2 5 |  5.1
Dodging        | 3 |  3.0
Conjurations   | 2 5 |  5.1
Fighting       | 3 |  3.4
Stealth        | 6 |  6.6
Throwing       | |  2.0

Action                     |  1- 3 |  4- 6 |  7- 9 | 10-12 || total
---------------------------+-------+-------+-------+-------++-------
  Melee: Dagger            |    65 |    94 |   193 |    76 ||   428
         Constrict         |    15 |    20 |    37 |    13 ||    85
         Tentacles         |    13 |    16 |    45 |    25 ||    99
         Punch             |       |       |     4 |     2 ||     6
  Throw: Dart              |       |     2 |     6 |     1 ||     9
         Stone             |       |     1 |    18 |     8 ||    27
 Invoke: Heroism           |       |       |       |     1 ||     1
         Finesse           |       |       |       |     1 ||     1
  Evoke: Wand              |       |       |     6 |     4 ||    10
    Use: Scroll            |       |     8 |     3 |     2 ||    13
         Potion            |       |       |       |     2 ||     2
   Stab: Sleeping          |    10 |    15 |    11 |     7 ||    43
 Armour: Skin              |    38 |    19 |    65 |    16 ||   138
  Dodge: Dodged            |    29 |    29 |   105 |    22 ||   185

Table legend: (Time is in decaauts)
 A = Elapsed time spent in this place.
 B = Non-inter-level travel time spent in this place.
 C = Inter-level travel time spent in this place.
 D = Time resting spent in this place.
 E = Time spent auto-exploring this place.
 F = Levels seen in this place.
 G = Mean time per level.
                   A        B        C        D        E       F      G
               +--------+--------+--------+--------+--------+-----+--------+
         Total |   8053 |   7686 |    367 |    333 |   5725 |   9 |  894.8 |
       Dungeon |   8053 |   7686 |    367 |    333 |   5725 |   9 |  894.8 |
               +--------+--------+--------+--------+--------+-----+--------+

Top non-repeatable levels by time:
     D:4: 1225 daAuts
     D:5: 1086 daAuts
     D:1: 1056 daAuts
     D:8: 1048 daAuts
     D:3: 1014 daAuts
     D:6: 893 daAuts
     D:7: 885 daAuts
     D:2: 593 daAuts
     D:9: 251 daAuts
